 Dungeon Crawl Stone Soup version 0.31.0-12-g77e489cdc1 (webtiles) character file.

Game seed: 17039574433040255171

579 cdecastro the Cudgeller (level 7, -11/53 HPs)
             Began as an Armataur Warper on Feb 23, 2024.
             Mangled by an ogre
             ... wielding a +0 giant club
              (25 damage)
             ... on level 5 of the Dungeon.
             The game lasted 00:09:42 (5090 turns).

cdecastro the Cudgeller (Armataur Warper)           Turns: 5090, Time: 00:09:43

Health: -11/53     AC:  5    Str: 18    XL:     7   Next: 13%
Magic:  9/9        EV:  9    Int: 13    God:
Gold:   181        SH:  0    Dex: 16    Spells: 5/9 levels left

rFire   . . .        y - +0 flail
rCold   . . .        (no shield)
rNeg    . . .        b - +0 leather armour
rPois   .            (no helmet)
rElec   .            m - +0 cloak
rCorr   .            (no gloves)
SInv    .            (no barding)
Will    .....        u - amulet of the acrobat
Stlth   +            i - +6 ring of dexterity
HPRegen 0.28/turn    (no ring)
MPRegen 0.11/turn

%: acrobat, roll
@: no status effects
A: large, deformed body, tough skin 3, armoured tail, roll 2
a: no special abilities


You were on level 5 of the Dungeon.
You visited 1 branch of the dungeon, and saw 5 of its levels.
You also visited: Ossuary.

You collected 181 gold pieces.

Inventory:

Hand Weapons
 a - a +0 mace
 y - a +0 flail (weapon)
Missiles
 d - 7 darts of dispersal
 n - 9 poisoned darts (quivered)
 o - 2 boomerangs
Armour
 b - a +0 leather armour (worn)
 m - a +0 cloak (worn)
 z - a +0 pair of gloves
Magical Staves
 w - a staff of death
Jewellery
 h - a ring of ice
 i - a +6 ring of dexterity (left hand)
 j - a ring of fire
 u - an amulet of the acrobat (around neck)
Scrolls
 c - a scroll of noise {unknown}
 e - 2 scrolls of teleportation
 g - 2 scrolls of enchant weapon {unknown}
 q - 5 scrolls of identify {unknown}
 s - a scroll of fog {unknown}
 x - a scroll of revelation {unknown}
Potions
 f - a potion of degeneration {unknown}
 k - a potion of attraction {unknown}
 l - 2 potions of heal wounds
 p - a potion of might {unknown}
 r - 4 potions of curing {unknown}
 t - 2 potions of enlightenment {unknown}
 v - a potion of lignification {unknown}


   Skills:
 - Level 1.7 Fighting
 * Level 5.9 Maces & Flails
 - Level 0.8 Throwing
 - Level 1.2 Armour
 - Level 1.3 Dodging
 - Level 1.7 Spellcasting
 + Level 5.3 Translocations


You had 5 spell levels left.
You knew the following spells:

 Your Spells              Type           Power      Damage    Failure   Level
a - Blink                 Tloc           30%        N/A       5%          2
b - Lesser Beckoning      Tloc           30%        N/A       5%          2

Your spell library contained the following spells:

 Spells                   Type           Power      Damage    Failure   Level
 Teleport Other           Tloc           15%        N/A       11%         3
 Sting                    Conj/Alch      4%         1d3       30%         1
 Manifold Assault         Tloc           15%        N/A       34%         4
 Mercury Vapours          Alch/Air       2%         N/A       43%         2
 Static Discharge         Conj/Air       2%         3-4/arc   43%         2
 Vhi's Electric Charge    Tloc/Air       16%        N/A       71%         4
 Airstrike                Air            0%         2d(1-17)  97%         4
 Olgreb's Toxic Radiance  Alch           1%         N/A       97%         4
 Summon Lightning Spire   Summ/Air       1%         N/A       97%         4
 Arcjolt                  Conj/Air       0%         1d10      100%        5
 Plasma Beam              Fire/Air       0%         2x1d10    100%        6


Dungeon Overview and Level Annotations

Branches:
Dungeon (5/15)            Ossuary (visited)
 Temple: D:4-7

Altars:

Annotations:
D:4 Eustachio
D:5 1 runed translucent door, Crazy Yiuf


Innate Abilities, Weirdness & Mutations

Armour fits poorly on your strangely shaped body.
You have extremely tough skin. (AC +3)
You have a long armoured tail.
You regenerate magic and health when rolling toward enemies. (Rampage Regen)


Message History

Unknown command.
You hit the gnoll.
The gnoll is heavily wounded.
The gnoll hits you with a +0 club.
You hit the gnoll.
The gnoll is severely wounded.
The gnoll hits you but does no damage.
You thump the gnoll!
You kill the gnoll!
Things that are here:
a +0 club; a gnoll corpse You start resting.
HP restored.
You now have 181 gold pieces (gained 9).
z - a +0 pair of gloves An ogre comes into view.
It is wielding a +0 giant club.
The ogre shouts!
You roll towards the ogre!
You hit the ogre.
The ogre is lightly wounded.
The ogre hits you with a +0 giant club!!
You completely miss the ogre. Your punch misses the ogre.
The ogre is lightly wounded.
The ogre closely misses you.
You hit the ogre but do no damage.
Your tail-slap misses the ogre.
The ogre is lightly wounded.
The ogre hits you with a +0 giant club!!
* * * LOW HITPOINT WARNING * * *
You hit the ogre but do no damage.
The ogre is lightly wounded.
You sock the ogre!
The ogre is heavily wounded.
The ogre barely misses you.
You hit the ogre.
Your tail-slap misses the ogre.
The ogre is severely wounded.
The ogre closely misses you.
You barely miss the ogre.
Your tail-slap misses the ogre.
The ogre is severely wounded.
You barely miss the ogre.
Your tail-slap misses the ogre.
The ogre is severely wounded.
The ogre hits you with a +0 giant club!!
You die...

#...........#
#.#########.#
###.#########.########
.)....................
###.#########.########
....# #.# ##..#######
#.#
).........###.########.#
....#####.#.....@O.....#
.)......#.#.#.########.#
.....##.#.#...#
........#.#####
..#>.##.#.# .....##.#.#
####.####.##
........รท..#
####.#######


You could see an ogre.

Vanquished Creatures
  A black bear (D:4)
  An ogre (D:4)
  A bombardier beetle (D:3)
  A hound (D:5)
  2 gnoll boudas (D:4)
  Jessica (D:2)
  2 iguanas
  9 gnolls
  4 adders
  2 dart slugs (D:1)
  5 orcs
  4 endoplasms
  2 giant cockroaches
  9 goblins
  10 hobgoblins
  6 jackals
  3 quokkas
  7 ball pythons
  9 bats
  7 kobolds
  7 rats
93 creatures vanquished.

Notes
Turn   | Place    | Note
-------+----------+-------------------------------------------
     0 | D:1      | cdecastro the Armataur Warper began the quest for the Orb.
     0 | D:1      | Reached XP level 1. HP: 17/17 MP: 3/3
   178 | D:1      | Reached XP level 2. HP: 23/24 MP: 4/4
   647 | D:1      | Reached XP level 3. HP: 28/29 MP: 5/5
   878 | D:2      | Learned a level 2 spell: Blink
   881 | D:2      | Learned a level 2 spell: Lesser Beckoning
  1024 | D:2      | Noticed Jessica
  1096 | D:2      | Killed Jessica
  1097 | D:2      | Reached XP level 4. HP: 14/36 MP: 6/6
  1976 | D:3      | Reached XP level 5. HP: 41/41 MP: 7/7
  2475 | D:4      | Noticed an ogre
  2627 | D:4      | Noticed Eustachio
  2699 | D:4      | Killed an ogre
  2700 | D:4      | Reached XP level 6. HP: 10/48 MP: 8/8
  3039 | D:4      | Found a sand-covered staircase.
  3048 | Ossuary  | Entered an ossuary
  3653 | D:5      | Entered Level 5 of the Dungeon
  3665 | D:4      | HP: 2/48 [gnoll/+0 spear[a gnoll bouda] (6)]
  3839 | D:4      | Reached skill level 5 in Maces & Flails
  3902 | D:4      | HP: 2/48 [gnoll bouda/+0 club (10)]
  4390 | D:5      | Found a runed translucent door.
  4391 | D:5      | Noticed Crazy Yiuf
  4419 | D:5      | Reached skill level 5 in Translocations
  4902 | D:4      | Gained mutation: You regenerate magic and health when
                  | rolling toward enemies. (Rampage Regen) [Armataur growth]
  4902 | D:4      | Reached XP level 7. HP: 32/53 MP: 9/9
  5090 | D:5      | Mangled by an ogre

Illustrated notes

Levels and vault maps discovered:
D:1:      hellmonk_arrival_library, layout_basic
D:2:      layout_basic, nicolae_the_louvre, uniq_jessica
D:3:      layout_basic, chequers_serial_rivers_micro_c, hex_large
D:4:      layout_cave_pods, nicolae_ossuary_entry_monument, minmay_surrounded,
          uniq_eustachio
D:5:      layout_basic, uniq_crazy_yiuf_cottage

Skill      XL: |  1  2  3  4  5  6 |
---------------+-------------------+-----
Maces & Flails | 2 3 4 5 |  5.9
Translocations | 4 5 |  5.3
Fighting       | |  1.7
Throwing       | |  0.8
Armour         | |  1.2
Dodging        | |  1.3
Spellcasting   | |  1.7

Action                     |  1- 3 |  4- 6 |  7- 9 || total
---------------------------+-------+-------+-------++-------
  Melee: Mace              |   142 |   185 |       ||   327
         Tailslap          |    13 |    26 |     2 ||    41
         Punch             |     1 |     2 |       ||     3
         Flail             |       |     5 |    14 ||    19
  Throw: Dart              |       |     7 |       ||     7
   Cast: Blink             |       |     2 |       ||     2
    Use: Scroll            |       |     2 |       ||     2
         Potion            |       |     2 |       ||     2
   Stab: Sleeping          |       |     1 |       ||     1
 Armour: Leather armour    |   123 |   163 |     8 ||   294
  Dodge: Dodged            |    83 |   116 |     6 ||   205
